 Dungeon Crawl Stone Soup version 0.31-a0-965-g8a8ce12e04 (webtiles) character file.

Game seed: 8563308491790876283

47 Maxmaps the Sneak (level 3, -5/26 HPs)
             Began as an Octopode Monk on Oct 26, 2023.
             Slain by Terence
             ... wielding a +0 flail
              (10 damage)
             ... on level 2 of the Dungeon.
             The game lasted 00:01:11 (1496 turns).

Maxmaps the Sneak (Octopode Monk)                   Turns: 1496, Time: 00:01:12

Health: -5/26      AC:  1    Str: 10    XL:     3   Next: 70%
Magic:  3/3        EV: 14    Int: 14    God:
Gold:   123        SH:  0    Dex: 20    Spells: 2/2 levels left

rFire   . .          .
                       - Unarmed
rCold   + + .        (no shield)
rNeg    . . .        (helmet restricted)
rPois   +            (no amulet)
rElec   .            c - ring "Raises" {rPois rC++ Dex+6}
rCorr   .            (no ring)
SInv    .            (no ring)
Will    .....        (no ring)
Stlth   ++++         (no ring)
HPRegen 0.24/turn    (no ring)
MPRegen 0.08/turn    (no ring)
                     (no ring)

%: no passive effects
@: no status effects
A: almost no armour, amphibious, 8 rings, camouflage 1, gelatinous body 1,
(nimble swimmer 1), tentacles
a: no special abilities


You were on level 2 of the Dungeon.
You visited 1 branch of the dungeon, and saw 2 of its levels.

You collected 123 gold pieces.

Inventory:

Armour
 b - an orb of light
Jewellery
 c - the ring "Raises" (left tentacle) {rPois rC++ Dex+6}
   (You acquired it on level 2 of the Dungeon)

   [ring of poison resistance]

   Dex+6:     It affects your dexterity (+6).
   rC++:      It greatly protects you from cold.
   rPois:     It protects you from poison
 h - a ring of poison resistance
Scrolls
 i - a scroll of identify
 j - a scroll of revelation {unknown}
Potions
 a - a potion of ambrosia
 d - a potion of curing {unknown}
 e - a potion of lignification {unknown}
 f - a potion of haste
 g - a potion of might


   Skills:
 - Level 3.0 Fighting
 - Level 3.0 Dodging
 + Level 4.7 Stealth
 - Level 3.0 Unarmed Combat


You had 2 spell levels left.
You didn't know any spells.
Your spell library contained the following spells:

 Spells                   Type           Power      Damage    Failure   Level
 Simulacrum               Ice/Necr       0%         N/A       100%        6
 Ozocubu's Refrigeration  Ice            0%         4d7       100%        7
 Polar Vortex             Ice            0%         N/A       100%        9


Dungeon Overview and Level Annotations

Branches:
Dungeon (2/15)

Altars:

Annotations:
D:2 Terence


Innate Abilities, Weirdness & Mutations

You cannot wear most types of armour.
You are amphibious.
You can wear up to eight rings at the same time.
Your skin changes colour to match your surroundings (Stealth+).
Your rubbery body absorbs attacks. (AC +1, EV +1)
((You are camouflaged when in or above water. (Stealth+)))
You have tentacles for arms and can constrict up to eight enemies at once.


Message History

The hobgoblin is almost dead.
You constrict the hobgoblin.
You kill the hobgoblin!
No target in view!
No target in view!
No target in view!
There is an open door here.
A frilled lizard comes into view.
You see here a scroll labelled VUNICO ISSAU.
The helpless frilled lizard fails to defend itself.
You tentacle-slap the frilled lizard.
You kill the frilled lizard!
j - a scroll labelled VUNICO ISSAU You open the door.
There is an open door here.
Key pressed, stopping explore.
No target in view!
Found a kite shield.
No target in view!
Terence the Incautious comes into view.
He is wielding a +0 flail and wearing a +1 chain mail of fire resistance.
Terence shouts!
Terence hits you with a +0 flail!
You tentacle-slap Terence but do no damage.
Your grab misses Terence. Terence misses you.
You tentacle-slap Terence but do no damage.
You grab Terence.
You constrict Terence, but do no damage.
Terence hits you with a +0 flail!
* * * LOW HITPOINT WARNING * * *
You are too injured to fight recklessly!
You are too injured to fight recklessly!
You are too injured to fight recklessly!
You are too injured to fight recklessly!
You are too injured to fight recklessly!
You are too injured to fight recklessly!
You tentacle-slap Terence.
Terence is lightly wounded.
You constrict Terence, but do no damage.
Terence hits you with a +0 flail!
You die...

# #.# #.# . ##'##
##. ##...## #..
###.....## ##.#
##.......## ##..#
..........####...##
..........+....[@.#
..........# #..@#
##.......## ##..###
###.....## ##...#
##...## ###.# ##'##
#.# #.# #.# #.# #.#
##.## #.# #.#...##
#.#


You could see Terence.

Vanquished Creatures
  2 adders (D:2)
  A dart slug (D:1)
  An endoplasm (D:1)
  A giant cockroach (D:1)
  5 goblins (D:1)
  4 hobgoblins
  3 quokkas
  A ball python (D:2)
  A bat (D:2)
  4 frilled lizards
  A kobold (D:1)
  4 rats (D:1)
28 creatures vanquished.

Notes
Turn   | Place    | Note
-------+----------+-------------------------------------------
     0 | D:1      | Maxmaps the Octopode Monk began the quest for the Orb.
     0 | D:1      | Reached XP level 1. HP: 16/16 MP: 1/1
   123 | D:1      | Reached skill level 1 in Stealth
   153 | D:1      | Reached skill level 2 in Stealth
   157 | D:1      | Reached XP level 2. HP: 17/21 MP: 2/2
   298 | D:1      | Reached skill level 3 in Stealth
   842 | D:2      | Identified a scroll of acquirement
   842 | D:2      | Acquired the ring "Raises" {rPois rC++ Dex+6}
   874 | D:2      | Reached skill level 4 in Stealth
   874 | D:2      | Reached XP level 3. HP: 23/26 MP: 3/3
  1491 | D:2      | Noticed Terence
  1496 | D:2      | Slain by Terence

Illustrated notes

Levels and vault maps discovered:
D:1:      co_arrival_random_square_maze, layout_basic
D:2:      layout_loops_corners, uniq_terence

Skill      XL: |  1  2 |
---------------+-------+-----
Stealth        | 2 4 |  4.7
Fighting       | |  3.0
Dodging        | |  3.0
Unarmed Combat | |  3.0

Action                     || total
---------------------------++-------
  Melee: Unarmed           ||    58
         Constrict         ||    18
         Tentacles         ||    12
         Punch             ||     3
    Use: Scroll            ||     6
         Potion            ||     2
   Stab: Sleeping          ||    12
 Armour: Skin              ||    13
  Dodge: Dodged            ||    26

Table legend: (Time is in decaauts)
 A = Elapsed time spent in this place.
 B = Non-inter-level travel time spent in this place.
 C = Inter-level travel time spent in this place.
 D = Time resting spent in this place.
 E = Time spent auto-exploring this place.
 F = Levels seen in this place.
 G = Mean time per level.
                   A        B        C        D        E       F      G
               +--------+--------+--------+--------+--------+-----+--------+
         Total |   1491 |   1459 |     32 |      0 |   1244 |   2 |  745.5 |
       Dungeon |   1491 |   1459 |     32 |      0 |   1244 |   2 |  745.5 |
               +--------+--------+--------+--------+--------+-----+--------+

Top non-repeatable levels by time:
     D:1: 812 daAuts
     D:2: 679 daAuts
